 Dungeon Crawl Stone Soup version 0.29.1-1-gd02db6906a (webtiles) character file.

Game seed: 1888256487090254933

29 Ashen the Chiller (level 3, 25/25 HPs)
             Began as a Demonspawn Ice Elementalist on Sept 25, 2022.
             Got out of the dungeon alive.
             The game lasted 00:02:01 (1444 turns).

Ashen the Chiller (Demonspawn Ice Elementalist)     Turns: 1444, Time: 00:02:01

Health: 25/25      AC:  3    Str:  8    XL:     3   Next: 1%
Magic:  6/6        EV: 12    Int: 24    God:
Gold:   55         SH:  0    Dex: 13    Spells: 5/6 levels left

rFire   . . .      SeeInvis .   (no weapon)
rCold   . . .      Faith    .   (no shield)
rNeg    . . .      Spirit   .   a - +0 robe
rPois   .          Reflect  .   d - +0 helmet
rElec   .          Harm     .   (no cloak)
rCorr   .          Rampage  .   (no gloves)
Will    .....                   (no boots)
Stlth   ++........              (no amulet)
HPRegen 0.08/turn               e - +6 ring of intelligence
MPRegen 0.10/turn               (no ring)

@: no status effects
A: foul stench 1, powered by death 1
a: no special abilities


You escaped.
You visited 1 branch of the dungeon, and saw 2 of its levels.

You collected 55 gold pieces.

Inventory:

Armour
 a - a +0 robe (worn)
 d - a +0 helmet (worn)
Jewellery
 e - a +6 ring of intelligence (left hand)
Scrolls
 c - a scroll of brand weapon {unknown}
 f - 4 scrolls of enchant weapon {unknown}
 g - a scroll of teleportation {unknown}
 l - a scroll of identify {unknown}
Potions
 b - a potion of magic
 h - a potion of attraction {unknown}
 i - a potion of brilliance {unknown}
 j - a potion of curing {unknown}
 k - a potion of heal wounds {unknown}


   Skills:
 + Level 0.7 Fighting
 + Level 2.0 Dodging
 + Level 2.0 Stealth
 * Level 2.4 Spellcasting
 * Level 4.0 Ice Magic


You had 5 spell levels left.
You knew the following spells:

 Your Spells              Type           Power      Damage    Failure   Level
a - Freeze                Ice            88%        1d10      2%          1

Your spell library contained the following spells:

 Spells                   Type           Power      Damage    Failure   Level
 Frozen Ramparts          Ice            44%        1d7       7%          3
 Ozocubu's Armour         Ice            22%        N/A       7%          3
 Hailstorm                Conj/Ice       12%        3d5       45%         4


Dungeon Overview and Level Annotations

Branches:
Dungeon (2/15)

Altars:
Okawaru


Innate Abilities, Weirdness & Mutations

You may rarely emit foul miasma when damaged in melee.
You regenerate a little health from kills.


Message History

Confirm with . or Enter, or press ? or * to list all spells.
Aiming: Freeze (safe; 2% risk of failure)
Press: ? - help, Shift-Dir - straight line, f - giant cockroach
Aim: a giant cockroach You freeze the giant cockroach!
You kill the giant cockroach!
Casting: Freeze (safe; 2% risk of failure)
Confirm with . or Enter, or press ? or * to list all spells.
You can't see any susceptible monsters within range! (Use Z to cast anyway.) Magic restored.
Found a club.
k - a blue potion A giant cockroach comes into view.
You hit the giant cockroach but do no damage.
The giant cockroach barely misses you.
Casting: Freeze (safe; 2% risk of failure)
Confirm with . or Enter, or press ? or * to list all spells.
Aiming: Freeze (safe; 2% risk of failure)
Press: ? - help, Shift-Dir - straight line, f - giant cockroach
Aim: a giant cockroach You freeze the giant cockroach.
You kill the giant cockroach!
Your Dodging skill increases to level 2!
Your Ice Magic skill increases to level 4!
You have reached level 3!
Your experience leads to an increase in your attributes!
Your base attributes are Str 8, Int 16, Dex 13.
Increase (S)trength, (I)ntelligence, or (D)exterity?
You feel clever. x2; Your demonic ancestry asserts itself...
You begin to emit a foul stench of rot and decay.
Found a stone staircase leading down.
l - a scroll labelled GULYCZ FEEWOM JUUT You see here a giant cockroach corpse.
There is a stone staircase leading up here.
You climb upwards.
There is a stone staircase leading down here.
There is an open door here.
There is a staircase leading out of the dungeon here.
Are you sure you want to leave the Dungeon?
This will make you lose the game!
You have escaped!

#.######.#.##...#####.....###.#
#......#.......## #####.....#
##..###.#.......# #.##### ....#
#.#.......# ####.###### ....#
#.#.......# #.......... #####
#.........#######..........
#########..................
#.#######.#.###.######
#.#..@..#.#.# #.# #.+.....'.#.#
#.# #.#..8..#...###'######
#.'.....+..###........
########## #.#.....#).#
#........ .........#
#.##'#+##..###........
.........#
####.#.###............
.........# #...# #####.#####.#
.........# ##.####.....#####.#


There were no monsters in sight!

Vanquished Creatures
  A dart slug (D:1)
  5 bats (D:1)
  6 giant cockroaches
  3 goblins (D:1)
  2 quokkas (D:1)
  3 ball pythons (D:1)
  2 frilled lizards (D:1)
  A kobold (D:1)
  2 rats (D:1)
25 creatures vanquished.

Notes
Turn   | Place    | Note
-------+----------+-------------------------------------------
     0 | D:1      | Ashen the Demonspawn Ice Elementalist began the quest for
                  | the Orb.
     0 | D:1      | Reached XP level 1. HP: 13/13 MP: 3/3
   596 | D:1      | Gained mutation: You regenerate a little health from kills.
                  | [demonic ancestry]
   596 | D:1      | Reached XP level 2. HP: 17/19 MP: 1/5
  1118 | D:1      | Found a faded altar of an unknown god.
  1311 | D:2      | Found an iron altar of Okawaru.
  1389 | D:2      | Reached skill level 4 in Ice Magic
  1389 | D:2      | Gained mutation: You may rarely emit foul miasma when
                  | damaged in melee. [demonic ancestry]
  1389 | D:2      | Reached XP level 3. HP: 25/25 MP: 4/6
  1444 | D:$      | Got out of the dungeon alive.

Illustrated notes

Levels and vault maps discovered:
D:1:      minmay_arrival_solitary_statue, layout_basic,
          ebering_ecumenical_altar_ruins
D:2:      layout_loops_cross, basic_altar, minmay_quadrilaterals

Skill      XL: |  1  2 |
---------------+-------+-----
Stealth        | 2 |  2.0
Dodging        | 2 |  2.0
Ice Magic      | 4 |  4.0
Fighting       | |  0.7
Spellcasting   | |  2.4

Action                   || total
-------------------------++-------
Melee: Unarmed           ||    23
       Punch             ||     1
 Cast: Freeze            ||    36
 Stab: Sleeping          ||     1
Armor: Robe              ||    18
Dodge: Dodged            ||    32
